 Dungeon Crawl Stone Soup version 0.28.0-1-gb440e238dd (webtiles) character file.

Game seed: 12480425824967448192

410 cbfl8 the Covered (level 6, -1/55 HPs)
             Began as a Minotaur Berserker on Feb 23, 2022.
             Was a Believer of Trog.
             Killed from afar by Dowan (13 damage)
             ... with a shard of ice
             ... on level 4 of the Dungeon.
             The game lasted 00:07:28 (4058 turns).

cbfl8 the Covered (Minotaur Berserker)              Turns: 4058, Time: 00:07:30

Health: -1/55      AC: 11    Str: 24    XL:     6   Next: 58%
Magic:  5/5        EV:  9    Int:  4    God:    Trog [**....]
Gold:   46         SH:  5    Dex:  9    Spells: 5/5 levels left

rFire   . . .      SeeInvis .   m - +0 long sword
rCold   . . .      Faith    .   (no shield)
rNeg    . . .      Spirit   .   l - +0 chain mail
rPois   .          Reflect  +   (helmet restricted)
rElec   .          Harm     .   (no cloak)
rCorr   .          Rampage  .   (no gloves)
Will    +....                   c - +0 pair of boots
Stlth   ..........              r - amulet of reflection
HPRegen 0.18/turn               p - ring of willpower
MPRegen 0.09/turn               (no ring)

@: mighty, on berserk cooldown, flying, slowed, very slow
A: horns 2, retaliatory headbutt
a: Renounce Religion, Berserk, Trog's Hand


You were on level 4 of the Dungeon.
You worshipped Trog.
Trog was pleased with you.
You visited 1 branch of the dungeon, and saw 4 of its levels.

You collected 117 gold pieces.
You spent 71 gold pieces at shops.

Inventory:

Hand Weapons
 a - a +0 hand axe
 m - a +0 long sword (weapon)
 n - a +0 spectral club
Armour
 b - a +0 animal skin
 c - a +0 pair of boots (worn)
 d - a +0 ring mail
 l - a +0 chain mail (worn)
Jewellery
 p - a ring of willpower (left hand)
 r - an amulet of reflection (around neck)
Scrolls
 f - a scroll of fear
 h - 2 scrolls of magic mapping
 o - a scroll of enchant armour {unknown}
 t - a scroll of summoning {unknown}
Potions
 e - a potion of flight
 i - 2 potions of mutation {unknown}
 j - a potion of invisibility {unknown}
 k - a potion of might
 s - a potion of lignification {unknown}


   Skills:
 + Level 4.8 Fighting
 + Level 3.7 Long Blades
 + Level 4.5 Axes
 + Level 5.2 Armour
 + Level 3.0 Dodging
 + Level 0.4 Stealth
 + Level 1.4 Shields


You had 5 spell levels left.
You didn't know any spells.
Your spell library was empty.

Dungeon Overview and Level Annotations

Branches:
Dungeon (4/15)
 Temple: D:4-7

Altars:
Trog

Shops:
D:3 ?

Annotations:
D:3 Natasha
D:4 Dowan, Robin


Innate Abilities, Weirdness & Mutations

You have a pair of horns on your head.
You reflexively headbutt those who attack you in melee.


Message History

Dowan hits you but does no damage.
Dowan gestures wildly while chanting.
Dowan blinks!
Dowan casts a spell.
Dowan blinks!
Things that are here:
a +0 leather armour; a +0 hand axe Dowan gestures wildly while chanting.
Dowan blinks!
Dowan gestures at you while chanting. The shard of ice hits you!
* * * LOW HITPOINT WARNING * * *
Things that are here:
a +0 pair of boots; a +0 hand axe Dowan gestures wildly while chanting.
Dowan blinks!
Things that are here:
a +0 leather armour; a +0 hand axe
Things that are here:
22 arrows; a +0 shortbow
Things that are here:
a +0 short sword; a +0 scale mail; the elf corpse of Duvessa Dowan mumbles some strange words.
Dowan blinks!
Dowan casts a spell.
Dowan blinks!
It was a potion of might.
You feel very mighty all of a sudden. Dowan barely misses you.
Dowan casts a spell.
Dowan blinks!
Dowan gestures wildly while chanting.
Dowan blinks!
It was a potion of flight.
You feel very buoyant.
You fly up into the air.
Dowan breathes, "And she was my only..."
Dowan points at you and mumbles some strange words.
The shard of ice hits you!
You die...

#........
#.......#
#.......#
#.......#
#.......#
#.......#
#......######
#..e..<##@..#
#......##...#
#...e..##...#
##......##)..#
.......[[(...+
##......##.e.#
........##...ยง..#
#.......##.####.#
....###.##.# #


You could see Dowan (fast).

Vanquished Creatures
  Duvessa (D:4)
  A centaur (D:4)
  A scorpion (D:4)
  An orc priest (D:4)
  Ijyb (D:3)
  A hound skeleton (D:2)
  2 adders
  An adder skeleton (D:4)
  A worm (D:2)
  2 orcs
  4 bats (D:1)
  3 endoplasms
  4 giant cockroaches
  12 goblins
  15 hobgoblins
  2 quokkas (D:1)
  8 ball pythons
  3 frilled lizards
  7 kobolds
  6 rats
76 creatures vanquished.

Notes
Turn   | Place    | Note
-------+----------+-------------------------------------------
     0 | D:1      | cbfl8 the Minotaur Berserker began the quest for the Orb.
     0 | D:1      | Reached XP level 1. HP: 19/19 MP: 0/0
    61 | D:1      | Reached XP level 2. HP: 20/27 MP: 1/1
   570 | D:1      | Reached XP level 3. HP: 31/33 MP: 2/2
   651 | D:1      | Found a faded altar of an unknown god.
   900 | D:2      | Reached ** piety under Trog
   964 | D:2      | Found a bloodstained altar of Trog.
  1158 | D:2      | Reached skill level 3 in Armour
  1203 | D:2      | Reached XP level 4. HP: 41/41 MP: 3/3
  1928 | D:3      | Found Ceimuob's Magic Scroll Shop.
  1939 | D:3      | Bought a scroll of identify for 26 gold pieces
  1939 | D:3      | Bought a scroll of magic mapping for 45 gold pieces
  2021 | D:3      | Reached skill level 1 in Long Blades
  2124 | D:3      | Noticed Ijyb
  2126 | D:3      | Paralysed by Ijyb for 3 turns
  2132 | D:3      | Paralysed by Ijyb for 4 turns
  2151 | D:3      | Killed Ijyb
  2493 | D:4      | Noticed Robin
  3347 | D:3      | Reached XP level 5. HP: 35/47 MP: 4/4
  3348 | D:3      | Reached skill level 4 in Armour
  3655 | D:4      | Noticed Duvessa
  3655 | D:4      | Noticed Dowan
  3655 | D:4      | Noticed a centaur
  3897 | D:4      | Killed a centaur
  3914 | D:4      | Reached skill level 1 in Shields
  3914 | D:4      | Reached XP level 6. HP: 28/53 MP: 5/5
  3924 | D:3      | Noticed Natasha
  4036 | D:4      | Killed Duvessa
  4037 | D:4      | Reached skill level 5 in Armour
  4058 | D:4      | Killed from afar by Dowan

Illustrated notes

Levels and vault maps discovered:
D:1:      wander_arrival_lonely_grave, layout_loops_ring,
          hellmonk_ecumenical_altar_leap_of_faith,
          hangedman_abyss_or_decor_lesser_grid, minmay_pentomino_v4
D:2:      layout_loops_corners, basic_altar, minmay_misc_feat_iff,
          minmay_misc_feat_columns
D:3:      layout_basic, serial_shops, nicolae_shop_advertising_works
          [nicolae_subvault_shop_adworks], minmay_misc_feat_nine_boxes,
          small_statue_intersection, kennysheep_generic_room_9, uniq_ijyb,
          uniq_natasha
D:4:      layout_basic, mainiacjoe_overflow_24_doors, minmay_fractal_squares_5,
          uniq_eustachio, uniq_edmund, uniq_robin, uniq_duvessa

Skill      XL: |  1  2  3  4  5  6 |
---------------+-------------------+-----
Axes           | 4 |  4.5
Fighting       | 4 |  4.8
Armour         | 3 4 5 |  5.2
Long Blades    | 1 3 |  3.7
Shields        | 1 |  1.4
Dodging        | 3 |  3.0
Stealth        | |  0.4

Action                   |  1- 3 |  4- 6 || total
-------------------------+-------+-------++-------
Melee: Hand axe          |    53 |       ||    53
       Headbutt          |     7 |    13 ||    20
       Punch             |     2 |     1 ||     3
       Long sword        |    20 |    94 ||   114
Invok: Berserk           |     1 |     2 ||     3
       Trog's Hand       |       |     1 ||     1
  Use: Scroll            |       |     3 ||     3
       Potion            |       |     3 ||     3
Armor: Animal skin       |     3 |       ||     3
       Ring mail         |    16 |       ||    16
       Chain mail        |    18 |    65 ||    83
Dodge: Dodged            |    47 |    44 ||    91
Block: Other             |       |    33 ||    33
       Reflection        |       |     2 ||     2
